 Dungeon Crawl Stone Soup version 0.27-b1-16-g6517624069 (webtiles) character file.

Game seed: 16100932475711977312

75 Urokeeper the Cudgeller (level 4, -7/27 HPs)
             Began as a Gargoyle Gladiator on July 26, 2021.
             Mangled by an ogre (23 damage)
             ... on level 3 of the Dungeon.
             The game lasted 00:06:59 (1898 turns).

Urokeeper the Cudgeller (Gargoyle Gladiator)        Turns: 1898, Time: 00:07:00

Health: -7/27      AC: 10    Str: 19    XL:     4   Next: 31%
Magic:  4/4        EV: 11    Int:  8    God:
Gold:   88         SH:  0    Dex: 11    Spells: 0/3 levels left

rFire    . . .     SeeInvis +   a - +0 flail
rCold    . . .     Faith    .   (no shield)
rNeg     + . .     Spirit   .   h - +0 ring mail
rPois    ∞         Reflect  .   e - +1 helmet
rElec    +         Harm     .   (no cloak)
rCorr    .         Rampage  .   (no gloves)
Will     .....                  (no boots)
Stlth    +.........             (no amulet)
HPRegen  0.09/turn              k - ring of see invisible
MPRegen  0.09/turn              (no ring)

@: no status effects
A: sickness immunity, AC +3, negative energy resistance 1, electricity
resistance, torment resistance 1, petrification resistance
a: no special abilities


You were on level 3 of the Dungeon.
You visited 1 branch of the dungeon, and saw 3 of its levels.

You collected 88 gold pieces.

Inventory:

Hand Weapons
 a - a +0 flail (weapon)
Missiles
 d - 2 throwing nets (quivered)
 j - 48 bolts
Armour
 b - a +0 leather armour
 c - a +0 helmet
 e - a +1 helmet (worn)
 h - a +0 ring mail (worn)
Jewellery
 k - a ring of see invisible (left hand)
Scrolls
 f - a scroll of identify {unknown}
 g - a scroll of fear {unknown}
 m - a scroll of teleportation {unknown}
Potions
 i - a potion of cancellation {unknown}
 l - a potion of invisibility {unknown}


   Skills:
 + Level 2.5 Fighting
 + Level 4.1 Maces & Flails
 + Level 1.8 Throwing
 + Level 1.0 Armour
 + Level 2.8 Dodging
 + Level 0.6 Stealth


You couldn't memorise any spells.
You knew the following spells:

 Your Spells              Type           Power      Damage    Failure   Level
a - Tukima's Dance        Hex            0%         N/A       92%         3

Your spell library contained the following spells:

 Spells                   Type           Power      Damage    Failure   Level
 Passage of Golubria      Tloc           N/A        N/A       100%        4
 Yara's Violent Unravell  Hex/Tmut       0%         3d3       100%        5


Dungeon Overview and Level Annotations

Branches:
Dungeon (3/15)

Altars:


Innate Abilities, Weirdness & Mutations

You are immune to sickness and miasma.
Your stone body is resilient. (AC +3)
You are immune to poison.
You resist negative energy. (rN+)
You are resistant to electric shocks. (rElec)
You are resistant to unholy torment.
You are immune to petrification.


Message History

You don't know any spells.
You don't know any spells.
Unknown command.
This spell is potentially lethal to cast!
Memorise Tukima's Dance, consuming 3 spell levels and leaving 0?
The ogre struggles against the net.
You start memorising the spell.
You continue memorising.
The ogre struggles against the net.
You continue memorising. x2
The ogre struggles against the net.
You finish memorising.
Spell assigned to 'a'.
Sorry, you're not good enough to have a special ability.
Okay, then.
Throw: 2 throwing nets
Press: ? - help, Q - select action Shift-Dir - straight line, f/p - ogre
Aim: an ogre, wielding a +0 giant spiked club (entangled in a net, 93% to hit)
Okay, then.
The ogre struggles against the net.
The net rips apart, and the ogre comes free!
The ogre closely misses you.
You hit the ogre.
The ogre is lightly wounded.
The ogre hits you with a +0 giant spiked club!
You thump the ogre!
The ogre is heavily wounded.
The ogre closely misses you.
You thump the ogre!
The ogre is severely wounded.
The ogre misses you.
You barely miss the ogre.
The ogre is severely wounded.
The ogre barely misses you.
You barely miss the ogre.
The ogre is severely wounded.
The ogre completely misses you.
You hit the ogre.
The ogre is almost dead.
The ogre hits you with a +0 giant spiked club!!
Ouch! That really hurt!
You die...

.# .# ### .# >...#
.# #.#.# .# #.#.#
.# #.#.# .## #.#O#
†.# #.#@# (.#
#.#.# ..# ##.#.#
.># ##....#
#.##########.....#
#................#
############.....#
##...## ##.##


You could see an ogre.

Vanquished Creatures
  2 adders (D:2)
  A worm (D:2)
  3 dart slugs
  A ball python (D:1)
  5 bats
  3 endoplasms (D:1)
  2 giant cockroaches
  4 goblins
  8 hobgoblins
  3 jackals (D:1)
  A quokka (D:1)
  4 frilled lizards
  3 kobolds
  4 rats
44 creatures vanquished.

Notes
Turn   | Place    | Note
-------+----------+-------------------------------------------
     0 | D:1      | Urokeeper the Gargoyle Gladiator began the quest for the
                  | Orb.
     0 | D:1      | Reached XP level 1. HP: 12/12 MP: 1/1
   114 | D:1      | Reached XP level 2. HP: 8/17 MP: 2/2
   699 | D:1      | Reached XP level 3. HP: 19/22 MP: 3/3
  1239 | D:2      | Reached XP level 4. HP: 27/27 MP: 4/4
  1407 | D:2      | Reached skill level 1 in Armour
  1413 | D:2      | Reached skill level 4 in Maces & Flails
  1883 | D:3      | Noticed an ogre
  1889 | D:3      | Learned a level 3 spell: Tukima's Dance
  1898 | D:3      | Mangled by an ogre

Illustrated notes

Levels and vault maps discovered:
D:1:      dpeg_arrival_rooms_c, layout_basic
D:2:      layout_rooms
D:3:      layout_loops_ring, serial_shops, nicolae_shop_crystal,
          shapermc_ecumenical_altar_venn

Skill      XL: |  1  2  3  4 |
---------------+-------------+-----
Armour         | 1 |  1.0
Maces & Flails | 4 |  4.1
Fighting       | |  2.5
Throwing       | |  1.8
Dodging        | |  2.8
Stealth        | |  0.6

Action                   |  1- 3 |  4- 6 || total
-------------------------+-------+-------++-------
Melee: Flail             |   101 |    58 ||   159
Throw: Throwing net      |       |     1 ||     1
Armor: Leather armour    |    63 |       ||    63
       Ring mail         |    14 |    18 ||    32
Dodge: Dodged            |   104 |    30 ||   134
